 Dungeon Crawl Stone Soup version 0.22-a0-44-geb883ae61c (console) character file.

34405 FIQ the Protected (level 13, -1/150 HPs)
             Began as a Gnoll Wanderer on Jan 6, 2018.
             Was an Initiate of Gozag.
             Slain by a black mamba (11 damage)
             ... on level 5 of the Lair of Beasts.
             The game lasted 00:59:35 (22390 turns).

FIQ the Protected (Gnoll Wanderer)                 Turns: 22390, Time: 00:59:35

Health: -1/150     AC: 22    Str: 19    XL:     13   Next: 77%
Magic:  25/25      EV:  7    Int: 18    God:    Gozag
Gold:   66         SH: 17    Dex: 17    Spells: 25/28 levels left

rFire    . . .     SeeInvis +   l - +8 whip "Snakebite" {curare, rPois}
rCold    + . .     Gourm    .   m - +0 large shield
rNeg     + + +     Faith    .   Z - +1 plate armour "Kerer" {*Slow +Blink rN++ MR+}
rPois    +         Spirit   .   n - +0 helmet
rElec    .         Reflect  .   (no cloak)
rCorr    .         Harm     .   h - +0 pair of gloves
MR       +....                  u - +0 pair of boots
Stlth    ..........             (no amulet)
HPRegen  0.35/turn              E - ring of protection from cold
MPRegen  0.19/turn              A - ring of positive energy

@: berserking, gold aura, very quick
A: distributed training, fangs 1, iridescent scales 1, see invisible, poison
resistance, strong nose
a: Potion Petition, Call Merchant, Bribe Branch, Renounce Religion, Evoke Blink


You were on level 5 of the Lair of Beasts.
You worshipped Gozag.
Gozag was noncommittal.
You were full.

You visited 3 branches of the dungeon, and saw 18 of its levels.
You also visited: Labyrinth.

You collected 3148 gold pieces.
You spent 312 gold pieces at shops.
You paid 2770 gold pieces to Gozag.

Inventory:

Hand Weapons
 l - the +8 whip "Snakebite" (weapon) {curare, rPois}
   (You found it on level 2 of the Lair of Beasts)

   It poisons the flesh of those it strikes.
   It protects you from poison.
 P - the +7 falchion of Jiumox {slice, Dex+2}
   (You bought it in a shop on level 3 of the Lair of Beasts)

   It inflicts extra damage upon your enemies.
   It affects your dexterity (+2).
Missiles
 G - 11 tomahawks (quivered)
 X - 175 stones
Armour
 h - a +0 pair of gloves (worn)
 m - a +0 large shield (worn)
 n - a +0 helmet (worn)
 u - a +0 pair of boots (worn)
 W - a +2 scale mail of positive energy
 Z - the +1 plate armour "Kerer" (worn) {*Slow +Blink rN++ MR+}
   (You found it on level 1 of the Lair of Beasts)

   It greatly protects you from negative energy.
   It affects your resistance to hostile enchantments.
   It lets you blink.
   It may slow you when you take damage.
Jewellery
 A - a ring of positive energy (right hand)
 E - a ring of protection from cold (left hand)
Wands
 b - a wand of digging (16)
 e - a wand of polymorph (9)
 x - a wand of paralysis (6)
 B - a wand of clouds (1)
 C - a wand of flame (105)
 D - a wand of enslavement (6)
 I - a wand of disintegration (18)
 J - a wand of iceblast (10)
 L - a wand of acid (7)
 Q - a wand of scattershot (6)
 S - a wand of random effects (13)
Scrolls
 d - a scroll of summoning
 g - 3 scrolls of enchant armour
 k - 3 scrolls of holy word
 o - 6 scrolls of teleportation
 p - 2 scrolls of enchant weapon
 q - a scroll of magic mapping
 r - 2 scrolls of blinking
 s - a scroll of fear
 t - 10 scrolls of identify
 v - 4 scrolls of remove curse
 z - 2 scrolls of fog
 R - 2 scrolls of vulnerability
Potions
 a - 2 potions of brilliance
 c - 8 potions of curing
 i - a potion of ambrosia
 j - 3 potions of flight
 H - 2 potions of magic
 V - a potion of agility
Books
 w - a book of Necromancy

   Spells                             Type                      Level
   a - Pain                           Necromancy                   1
   b - Animate Skeleton               Necromancy                   1
   c - Vampiric Draining              Necromancy                   3
   d - Regeneration                   Charms/Necromancy            3
   e - Animate Dead                   Necromancy                   4
   f - Borgnjor's Vile Clutch         Necromancy/Earth             5
 y - a book of Power

   Spells                             Type                      Level
   a - Iskenderun's Battlesphere      Conjuration/Charms           5
   b - Venom Bolt                     Conjuration/Poison           5
   c - Bolt of Magma                  Conjuration/Fire/Earth       5
   d - Iron Shot                      Conjuration/Earth            6
   e - Orb of Destruction             Conjuration                  7
   f - Spellforged Servitor           Conjuration/Summoning        7
 F - a book of the Tempests

   Spells                             Type                      Level
   a - Static Discharge               Conjuration/Air              3
   b - Lightning Bolt                 Conjuration/Air              5
   c - Ignition                       Fire                         8
   d - Tornado                        Air                          9
   e - Shatter                        Earth                        9
 K - a book of Power

   Spells                             Type                      Level
   a - Iskenderun's Battlesphere      Conjuration/Charms           5
   b - Venom Bolt                     Conjuration/Poison           5
   c - Bolt of Magma                  Conjuration/Fire/Earth       5
   d - Iron Shot                      Conjuration/Earth            6
   e - Orb of Destruction             Conjuration                  7
   f - Spellforged Servitor           Conjuration/Summoning        7
 N - the Volume of Dusty Toxins
   (You found it in a labyrinth)

   Spells                             Type                      Level
   a - Spider Form                    Transmutation/Poison         3
   b - Leda's Liquefaction            Hexes/Earth                  4
   c - Olgreb's Toxic Radiance        Poison                       4
   d - Borgnjor's Vile Clutch         Necromancy/Earth             5
 O - a book of Flames

   Spells                             Type                      Level
   a - Flame Tongue                   Conjuration/Fire             1
   b - Throw Flame                    Conjuration/Fire             2
   c - Conjure Flame                  Conjuration/Fire             3
   d - Inner Flame                    Hexes/Fire                   3
   e - Sticky Flame                   Conjuration/Fire             4
   f - Fireball                       Conjuration/Fire             5
 Y - a book of Misfortune

   Spells                             Type                      Level
   a - Confusing Touch                Hexes                        1
   b - Confuse                        Hexes                        3
   c - Gell's Gravitas                Translocation                3
   d - Petrify                        Transmutation/Earth          4
   e - Metabolic Englaciation         Hexes/Ice                    5
   f - Yara's Violent Unravelling     Hexes/Transmutation          5
Miscellaneous
 T - a lamp of fire
 U - a lightning rod (4/4)
Comestibles
 f - 12 rations


   Skills:
 + Level 8.9 Fighting
 + Level 9.6 Short Blades
 + Level 8.4 Long Blades
 + Level 8.4 Axes
 + Level 8.4 Maces & Flails
 + Level 8.4 Polearms
 + Level 8.4 Staves
 + Level 8.4 Slings
 + Level 9.6 Bows
 + Level 8.4 Crossbows
 + Level 8.4 Throwing
 + Level 10.6 Armour
 + Level 8.4 Dodging
 + Level 8.8 Stealth
 + Level 8.9 Shields
 + Level 8.4 Unarmed Combat
 + Level 8.4 Spellcasting
 + Level 7.0 Conjurations
 + Level 7.0 Hexes
 + Level 7.0 Charms
 + Level 7.0 Summonings
 + Level 7.0 Necromancy
 + Level 7.0 Translocations
 + Level 7.0 Transmutations
 + Level 7.0 Fire Magic
 + Level 7.0 Ice Magic
 + Level 7.0 Air Magic
 + Level 7.0 Earth Magic
 + Level 7.0 Poison Magic
 + Level 9.2 Invocations
 + Level 8.4 Evocations


You had 25 spell levels left.
You knew the following spells:

 Your Spells              Type           Power        Failure   Level  Hunger
a - Regeneration          Chrm/Necr      ####......   92%         3    None


Dungeon Overview and Level Annotations

Branches:
Dungeon (11/15)            Temple (1/1) D:7            Lair (6/6) D:10
  Swamp (0/4) Lair:3       Spider (0/4) Lair:3        Slime (0/5) Lair:5
    Orc (0/2) D:9

Altars:
Ashenzari
Cheibriados
Dithmenos
Elyvilon
Fedhas
Gozag
Hepliaklqana
Kikubaaqudgha
Makhleb
Nemelex Xobeh
Okawaru
Qazlal
Sif Muna
Trog
Uskayaw
Vehumet
Wu Jian
Xom
Yredelemnul
Zin
The Shining One
Jiyva

Shops:
Lair:3 (   Lair:5 [


Innate Abilities, Weirdness & Mutations

Your experience applies equally to all skills.
You have very sharp teeth.
Your uncanny sense of smell can sniff out nearby items.
You are partially covered in iridescent scales. (AC +2)
You have supernaturally acute eyesight. (SInv)
Your system is resistant to poisons. (rPois)


Message History

The black mamba bites you but does no damage.
You block the black mamba's attack.
You hit the black mamba. Your bite misses the black mamba.
The black mamba is almost dead.
The black mamba bites you.
* * * LOW HITPOINT WARNING * * *
The black mamba bites you.
* * * LOW HITPOINT WARNING * * *
The black mamba bites you but does no damage.
A red film seems to cover your vision as you go berserk!
You feel yourself moving faster!
You feel mighty! The black mamba barely misses you.
You block the black mamba's attack. x2
You barely miss the black mamba.
The black mamba is almost dead.
You block the black mamba's attack. The black mamba bites you.
* * * LOW HITPOINT WARNING * * *
You thrash the black mamba!!
You kill the black mamba!
The black mamba bites you!
You die...
Your body crumbles into a pile of gold.

...###..#.#.....##P.........## #.
...##...##......P............###.
...##...#.......PP...##......##.#
....#}...##......#....##....#####
...########.....###..##.....P###.
...#.#..P#.......######......#.##
.................######..........
................#.##P............
...................P.............
...............S.................
................@..#..P#.........
.................$###P.........P.
..#..............#....P#.........
.###.#..#.#...........P........+.
.# ###..##........#...........#..
.# ##..###......##...........#..
.# ##...# #......#.....#.........
.###....####......#..............
.##.##.#.##......P.....P.......#.
.#######.###.......##.........#.P
.# ######..P.......##.........#..


You could see a black mamba.

Vanquished Creatures
  Fannar (Lair:3)
  A minotaur (Lab)
  The ghost of marsu the Transmogrifier, a journeyman DrTm of Wu Jian (Lair:1)
  3 hydras
  3 death yaks
  Sonja (Lair:3)
  A sea snake (Lair:5)
  A harpy (Lair:5)
  A shambling mangrove (Lair:4)
  4 oklob plants (Lair:1)
  A wolf spider (Lair:2)
  2 elephants
  5 black mambas
  7 spiny frogs
  6 rime drakes
  6 komodo dragons
  2 jumping spiders (Lair:2)
  A hornet (D:10)
  3 polar bears (Lair:6)
  8 blink frogs
  5 dream sheep
  3 hippogriffs
  2 redbacks
  11 yaks
  Sigmund (D:6)
  5 wyverns
  2 basilisks
  2 vampire mosquitoes (Lair:3)
  Menkaure (D:6)
  17 water moccasins
  Duvessa (D:6)
  11 porcupines
  2 orc warriors
  8 ogres
  4 ice beasts
  4 phantoms
  5 sky beasts
  11 crocodiles
  17 bullfrogs
  Dowan (D:6)
  A jelly (D:5)
  3 scorpions
  10 killer bees
  3 wights (D:10)
  5 crimson imps
  3 bullfrog skeletons
  A quasit (D:9)
  A bullfrog zombie (D:10)
  A centaur zombie (D:3)
  5 hounds
  7 orc priests
  A centaur skeleton (D:4)
  5 iguanas
  18 orc wizards
  5 worker ants
  A killer bee zombie (D:10)
  2 hound skeletons
  A worker ant zombie (D:8)
  Robin (D:2)
  7 gnolls
  17 adders
  An ooze (D:1)
  6 worms
  3 dart slugs
  8 leopard geckos
  47 orcs
  3 ball pythons
  A bat (D:3)
  7 giant cockroaches
  16 goblins
  18 hobgoblins
  8 jackals
  5 quokkas
  7 frilled lizards
  7 kobolds
  A leopard gecko skeleton (D:4)
  A quokka skeleton (D:8)
  4 rats
  5 plants (Lair:1)
417 creatures vanquished.

Vanquished Creatures (collateral kills)
  A hippogriff (Lair:1)
  A crocodile (Lair:1)
  A bullfrog (Lair:1)
3 creatures vanquished.

Vanquished Creatures (others)
  5 fungi
  7 plants
12 creatures vanquished.

Grand Total: 432 creatures vanquished

Notes
Turn   | Place    | Note
-------+----------+-------------------------------------------
     0 | D:1      | FIQ the Gnoll Wanderer began the quest for the Orb.
     0 | D:1      | FIQ set off with: a +2 short sword, a scroll of teleportation, a potion of curing, a +0 robe, a ration
     0 | D:1      | Reached XP level 1. HP: 17/17 MP: 1/1
   161 | D:1      | Reached XP level 2. HP: 9/23 MP: 2/2
   575 | D:1      | Reached XP level 3. HP: 14/28 MP: 3/3
   747 | D:1      | You fall through a shaft!
   748 | D:2      | Noticed Robin
   788 | D:2      | Reached skill level 1 in Invocations
   794 | D:2      | Reached skill level 1 in Long Blades
   794 | D:2      | Reached skill level 1 in Axes
   794 | D:2      | Reached skill level 1 in Maces & Flails
   794 | D:2      | Reached skill level 1 in Polearms
   794 | D:2      | Reached skill level 1 in Staves
   794 | D:2      | Reached skill level 1 in Slings
   794 | D:2      | Reached skill level 1 in Crossbows
   794 | D:2      | Reached skill level 1 in Throwing
   794 | D:2      | Reached skill level 1 in Dodging
   794 | D:2      | Reached skill level 1 in Unarmed Combat
   794 | D:2      | Reached skill level 1 in Spellcasting
   794 | D:2      | Reached skill level 1 in Evocations
   794 | D:2      | Reached XP level 4. HP: 6/34 MP: 5/5
  1370 | D:2      | Reached skill level 1 in Conjurations
  1370 | D:2      | Reached skill level 1 in Hexes
  1370 | D:2      | Reached skill level 1 in Charms
  1370 | D:2      | Reached skill level 1 in Summonings
  1370 | D:2      | Reached skill level 1 in Necromancy
  1370 | D:2      | Reached skill level 1 in Translocations
  1370 | D:2      | Reached skill level 1 in Transmutations
  1370 | D:2      | Reached skill level 1 in Fire Magic
  1370 | D:2      | Reached skill level 1 in Ice Magic
  1370 | D:2      | Reached skill level 1 in Air Magic
  1370 | D:2      | Reached skill level 1 in Earth Magic
  1370 | D:2      | Reached skill level 1 in Poison Magic
  1442 | D:2      | Killed Robin
  1442 | D:2      | Reached XP level 5. HP: 20/40 MP: 6/6
  3007 | D:3      | Noticed an ogre
  3017 | D:3      | Killed an ogre
  3017 | D:3      | Reached XP level 6. HP: 27/47 MP: 8/8
  3437 | D:3      | Reached skill level 5 in Short Blades
  3437 | D:3      | Reached skill level 5 in Bows
  4040 | D:4      | Noticed a phantom
  4050 | D:4      | Killed a phantom
  4050 | D:4      | Reached skill level 7 in Armour
  4050 | D:4      | Reached XP level 7. HP: 52/52 MP: 10/10
  4129 | D:5      | Entered Level 5 of the Dungeon
  5189 | D:4      | Reached XP level 8. HP: 48/60 MP: 12/12
  5331 | D:4      | Gained mutation: You have supernaturally acute eyesight. (SInv) [potion of mutation]
  5331 | D:4      | Gained mutation: You are partially covered in iridescent scales. (AC +2) [potion of mutation]
  5331 | D:4      | Gained mutation: Your system is resistant to poisons. (rPois) [potion of mutation]
  6356 | D:5      | Learned a level 3 spell: Regeneration
  6466 | D:6      | Reached XP level 9. HP: 58/66 MP: 14/14
  6526 | D:6      | Noticed Duvessa
  6528 | D:6      | Noticed Dowan
  6533 | D:6      | Noticed Sigmund
  6549 | D:6      | Killed Duvessa
  6550 | D:6      | Killed Dowan
  6572 | D:6      | Noticed Menkaure
  6581 | D:6      | Killed Menkaure
  6867 | D:6      | Killed Sigmund
  6867 | D:6      | Reached skill level 5 in Fighting
  6867 | D:6      | Reached skill level 5 in Shields
  6927 | D:6      | Found a bloodstained altar of Trog.
  7207 | D:7      | Reached skill level 5 in Stealth
  7302 | D:7      | Reached skill level 8 in Armour
  7488 | D:7      | Found an iron altar of Okawaru.
  7526 | D:7      | Reached skill level 5 in Invocations
  7693 | D:7      | Reached XP level 10. HP: 74/74 MP: 17/17
  7754 | D:7      | Found a staircase to the Ecumenical Temple.
  8059 | Temple   | Entered the Ecumenical Temple
  8247 | Temple   | Became a worshipper of Gozag Ym Sagoz the Greedy
  8822 | D:9      | Reached skill level 5 in Long Blades
  8822 | D:9      | Reached skill level 5 in Axes
  8822 | D:9      | Reached skill level 5 in Maces & Flails
  8822 | D:9      | Reached skill level 5 in Polearms
  8822 | D:9      | Reached skill level 5 in Staves
  8822 | D:9      | Reached skill level 5 in Slings
  8822 | D:9      | Reached skill level 5 in Crossbows
  8822 | D:9      | Reached skill level 5 in Throwing
  8822 | D:9      | Reached skill level 5 in Dodging
  8822 | D:9      | Reached skill level 5 in Unarmed Combat
  8822 | D:9      | Reached skill level 5 in Spellcasting
  8822 | D:9      | Reached skill level 5 in Evocations
  8838 | D:9      | Found a staircase to the Orcish Mines.
  9905 | D:10     | Entered Level 10 of the Dungeon
  9919 | D:10     | Noticed a death yak
  9938 | D:10     | Noticed a death yak
  9954 | D:10     | Noticed a death yak
  9954 | D:10     | Killed a death yak
 10011 | D:9      | Killed a death yak
 10011 | D:9      | Reached XP level 11. HP: 32/83 MP: 19/19
 10292 | D:9      | Killed a death yak
 10310 | D:10     | Found a staircase to the Lair.
 10329 | D:10     | Reached skill level 9 in Armour
 10607 | D:10     | Reached skill level 5 in Conjurations
 10607 | D:10     | Reached skill level 5 in Hexes
 10607 | D:10     | Reached skill level 5 in Charms
 10607 | D:10     | Reached skill level 5 in Summonings
 10607 | D:10     | Reached skill level 5 in Necromancy
 10607 | D:10     | Reached skill level 5 in Translocations
 10607 | D:10     | Reached skill level 5 in Transmutations
 10607 | D:10     | Reached skill level 5 in Fire Magic
 10607 | D:10     | Reached skill level 5 in Ice Magic
 10607 | D:10     | Reached skill level 5 in Air Magic
 10607 | D:10     | Reached skill level 5 in Earth Magic
 10607 | D:10     | Reached skill level 5 in Poison Magic
 10779 | D:10     | Paralysed by a hornet for 1 turns
 11506 | Lair:1   | Entered Level 1 of the Lair of Beasts
 11553 | Lair:1   | Noticed an eight-headed hydra
 11564 | Lair:1   | Found a labyrinth entrance.
 11573 | Lab      | Entered a labyrinth
 13049 | Lab      | Noticed a minotaur
 13059 | Lab      | Killed a minotaur
 13073 | Lab      | Identified the Volume of Dusty Toxins
 13118 | Lair:1   | Killed an eight-headed hydra
 13136 | Lair:1   | Noticed marsu's ghost (journeyman DrTm)
 13229 | Lair:1   | Killed marsu's ghost
 13959 | Lair:1   | Noticed an oklob plant
 13963 | Lair:1   | Noticed an oklob plant
 13963 | Lair:1   | Noticed an oklob plant
 13963 | Lair:1   | Noticed an oklob plant
 13980 | Lair:1   | Killed an oklob plant
 13980 | Lair:1   | Killed an oklob plant
 13980 | Lair:1   | Reached XP level 12. HP: 63/91 MP: 20/22
 14118 | Lair:1   | Got a slimy plate armour
 14133 | Lair:1   | Identified the cursed +1 plate armour "Kerer" {*Slow +Blink rN++ MR+} (You found it on level 1 of the Lair of Beasts)
 14372 | Lair:1   | Found a shimmering altar of Xom.
 14667 | Lair:2   | Noticed a four-headed hydra
 14680 | Lair:2   | Killed a four-headed hydra
 15465 | Lair:2   | Found the +8 whip "Snakebite" {curare, rPois}
 15807 | Lair:3   | Noticed Sonja
 15913 | Lair:3   | Killed Sonja
 16047 | Lair:3   | Found a hole to the Spider Nest.
 16307 | Lair:3   | Noticed Fannar
 16500 | Lair:3   | Killed Fannar
 16500 | Lair:3   | Reached skill level 10 in Armour
 16963 | Lair:3   | Found a staircase to the Swamp.
 17439 | Lair:3   | Bought a faintly glowing falchion for 312 gold pieces
 17439 | Lair:3   | Identified the +7 falchion of Jiumox {slice, Dex+2} (You bought it in a shop on level 3 of the Lair of Beasts)
 17797 | Lair:4   | Reached XP level 13. HP: 91/98 MP: 24/24
 19629 | Lair:5   | Found a staircase to the Slime Pits.
 19631 | Lair:5   | Found a viscous altar of Jiyva.
 19826 | Lair:6   | Entered Level 6 of the Lair of Beasts
 22390 | Lair:5   | Slain by a black mamba

Vault maps used:
D:1:      evilmike_arrival_rings, minmay_misc_feat_tiny, serial_bayou_pond_b,
          tso_altar
D:2:      uniq_robin
D:4:      cheibrodos_barr_body, serial_glass, glass_columns_a, glass_columns_a,
          first_ration, cheibrodos_sewer_entry_bend
D:6:      trog_hazing_becter, uniq_menkaure, uniq_duvessa, uniq_sigmund
D:7:      nicolae_overflow_hidden_temple, minmay_temple_entry_butterflies,
          okawaru_metal_pillars_3
D:9:      erik_orc_3
D:10:     dpeg_lair_monsters
D:11:     serial_shops, kennysheep_mini_moat
Temple:   minmay_crystal_snake_temple
Lair:1:   basic_altar, lab_entry_generic, serial_bayou_shore_a,
          grunt_megastairs_3, infiniplex_staircase_pool_2,
          minmay_lair_oklob_chamber
Lair:2:   minmay_guarded_unrand_snakebite
Lair:3:   minmay_swamp_entry_swarm, spider_nest_entry_funnel_web,
          grunt_megastairs_2, uniq_fannar, uniq_sonja
Lair:5:   slime_altar_1
Lair:6:   gammafunk_lair_ancient_temple

Skill      XL: |  1  2  3  4  5  6  7  8  9 10 11 12 13 |
---------------+----------------------------------------+-----
Invocations    | 1 2 3 4 5 6 7 8 9 |  9.2
Long Blades    | 1 2 3 4 5 6 7 8 |  8.4
Axes           | 1 2 3 4 5 6 7 8 |  8.4
Maces & Flails | 1 2 3 4 5 6 7 8 |  8.4
Polearms       | 1 2 3 4 5 6 7 8 |  8.4
Staves         | 1 2 3 4 5 6 7 8 |  8.4
Slings         | 1 2 3 4 5 6 7 8 |  8.4
Crossbows      | 1 2 3 4 5 6 7 8 |  8.4
Throwing       | 1 2 3 4 5 6 7 8 |  8.4
Dodging        | 1 2 3 4 5 6 7 8 |  8.4
Unarmed Combat | 1 2 3 4 5 6 7 8 |  8.4
Spellcasting   | 1 2 3 4 5 6 7 8 |  8.4
Evocations     | 1 2 3 4 5 6 7 8 |  8.4
Conjurations   | 1 2 3 4 5 6 7 |  7.0
Hexes          | 1 2 3 4 5 6 7 |  7.0
Charms         | 1 2 3 4 5 6 7 |  7.0
Summonings     | 1 2 3 4 5 6 7 |  7.0
Necromancy     | 1 2 3 4 5 6 7 |  7.0
Translocations | 1 2 3 4 5 6 7 |  7.0
Transmutations | 1 2 3 4 5 6 7 |  7.0
Fire Magic     | 1 2 3 4 5 6 7 |  7.0
Ice Magic      | 1 2 3 4 5 6 7 |  7.0
Air Magic      | 1 2 3 4 5 6 7 |  7.0
Earth Magic    | 1 2 3 4 5 6 7 |  7.0
Poison Magic   | 1 2 3 4 5 6 7 |  7.0
Fighting       | 3 4 5 6 7 8 |  8.9
Shields        | 3 4 5 6 7 8 |  8.9
Stealth        | 3 4 5 6 7 8 |  8.8
Short Blades   | 5 6 7 8 9 |  9.6
Bows           | 5 6 7 8 9 |  9.6
Armour         | 7 8 9 10 | 10.6

Action                   |  1- 3 |  4- 6 |  7- 9 | 10-12 | 13-15 || total
-------------------------+-------+-------+-------+-------+-------++-------
Melee: Short sword       |    76 |   104 |       |       |       ||   180
       Bite              |     7 |    30 |    60 |   129 |    57 ||   283
       Punch             |       |     1 |       |       |       ||     1
       Club              |       |   184 |   174 |       |       ||   358
       Dagger            |       |       |   355 |   849 |       ||  1204
       Whip              |       |       |       |   201 |   402 ||   603
Throw: Tomahawk          |       |       |       |     8 |       ||     8
Invok: Potion Petition   |       |       |       |     1 |     2 ||     3
       Call Merchant     |       |       |       |     1 |     1 ||     2
Evoke: Wand              |       |       |       |    19 |     1 ||    20
  Use: Scroll            |     2 |     2 |     4 |    17 |     4 ||    29
       Potion            |     2 |     1 |     1 |    10 |     2 ||    16
 Stab: Sleeping          |     2 |       |       |     1 |       ||     3
       Distracted        |       |       |       |     3 |     2 ||     5
       Invisible         |       |       |       |     5 |     1 ||     6
  Eat: Chunk             |       |    10 |    13 |     1 |       ||    24
       Ration            |       |       |       |    10 |     5 ||    15
Armor: Robe              |    12 |       |       |       |       ||    12
       Chain mail        |       |   152 |   239 |   129 |       ||   520
       Skin              |       |       |       |    55 |       ||    55
       Scale mail        |       |       |       |    53 |       ||    53
       Plate armour      |       |       |       |   171 |   219 ||   390
Dodge: Dodged            |    50 |    37 |    54 |   117 |    56 ||   314
Block: Large shield      |       |   102 |   290 |   619 |   319 ||  1330

Table legend:
 A = Spawn XP
 B = Non-spawn XP
 C = Spawn XP percentage of total XP
 D = Spawn monster count
 E = Non-spawn monster count
 F = Spawn count percentage of total count
 G = Total turns spent on level
                    A         B        C        D         E        F      G
               +---------+---------+-------+---------+---------+-------+---------
         Total |       0 |   49150 |   0.0 |       0 |     415 |   0.0 | 22390
               +---------+---------+-------+---------+---------+-------+---------
           D:1 |       0 |      36 |   0.0 |       0 |      16 |   0.0 |   747
           D:2 |       0 |     155 |   0.0 |       0 |      34 |   0.0 |  1721
           D:3 |       0 |     292 |   0.0 |       0 |      28 |   0.0 |  1432
           D:4 |       0 |     722 |   0.0 |       0 |      38 |   0.0 |  1665
           D:5 |       0 |    1055 |   0.0 |       0 |      21 |   0.0 |   868
           D:6 |       0 |    1227 |   0.0 |       0 |      24 |   0.0 |   725
           D:7 |       0 |    1202 |   0.0 |       0 |      27 |   0.0 |   924
           D:8 |       0 |     758 |   0.0 |       0 |      17 |   0.0 |   490
           D:9 |       0 |    4233 |   0.0 |       0 |      40 |   0.0 |  1605
          D:10 |       0 |    2857 |   0.0 |       0 |      40 |   0.0 |  1330
        Lair:1 |       0 |    6679 |   0.0 |       0 |      23 |   0.0 |  1378
        Lair:2 |       0 |    6286 |   0.0 |       0 |      26 |   0.0 |  1623
        Lair:3 |       0 |    3139 |   0.0 |       0 |      11 |   0.0 |  1216
        Lair:4 |       0 |    7214 |   0.0 |       0 |      26 |   0.0 |  2061
        Lair:5 |       0 |    8661 |   0.0 |       0 |      30 |   0.0 |  2443
        Lair:6 |       0 |    3602 |   0.0 |       0 |      13 |   0.0 |   414
           Lab |       0 |    1032 |   0.0 |       0 |       1 |   0.0 |  1540
               +---------+---------+-------+---------+---------+-------+---------
